 Dungeon Crawl Stone Soup version 0.30-a0-859-gf88a04b62d (webtiles) character file.

Game seed: 12445175255487043038

2064 Dittersdorf the Covered (level 9, -3/57 HPs)
             Began as a Gargoyle Fighter on Mar 6, 2023.
             Was an Initiate of Okawaru.
             Slain by a troll (5 damage)
             ... on level 7 of the Dungeon.
             The game lasted 00:11:34 (5990 turns).

Dittersdorf the Covered (Gargoyle Fighter)          Turns: 5990, Time: 00:11:34

Health: -3/57      AC: 20    Str: 24    XL:     9   Next: 25%
Magic:  9/9        EV:  9    Int: 15    God:    Okawaru [......]
Gold:   288        SH: 10    Dex:  9    Spells: 8/8 levels left

rFire   . . .      SeeInvis .    E - +1 flail (holy)
rCold   + . .      Faith    .    c - +0 buckler
rNeg    + . .      Spirit   .    F - +2 scale mail {rC+}
rPois   ∞          Reflect  +    e - +1 helmet
rElec   +          Rampage  .    (no cloak)
rCorr   .                        y - +0 pair of gloves
Will    .....                    (no boots) Stlth
                                 C - amulet of reflection
HPRegen 0.29/turn                u - +6 ring of intelligence
MPRegen 0.11/turn                d - +4 ring of slaying

@: no status effects
A: sickness immunity, AC +6, negative energy resistance 1, electricity
resistance, torment resistance 1, petrification resistance
a: Renounce Religion


You were on level 7 of the Dungeon.
You worshipped Okawaru.
Okawaru was noncommittal.
You visited 1 branch of the dungeon, and saw 7 of its levels.

You collected 288 gold pieces.

Inventory:

Hand Weapons
 E - a +1 flail of holy wrath (weapon)
Missiles
 t - 3 poisoned darts (quivered)
Armour
 c - a +0 buckler (worn)
 e - a +1 helmet (worn)
 y - a +0 pair of gloves (worn)
 F - a +2 scale mail of cold resistance (worn)
Jewellery
 d - a +4 ring of slaying (right hand)
 f - the ring of New Discoveries {Wiz rPois rF- rN++}
   (You found it on level 4 of the Dungeon)

   [ring of wizardry]

   It improves your spell success rate.
   rF:        It makes you vulnerable to fire.
   rPois:     It protects you from poison.
   rN:        It greatly protects you from negative energy.
 u - a +6 ring of intelligence (left hand)
 C - an amulet of reflection (around neck)
Wands
 m - a wand of paralysis (5)
 n - a wand of flame (41)
 o - a wand of digging (6)
 q - a wand of roots (10)
Scrolls
 a - a scroll of enchant weapon
 b - a scroll of summoning
 i - a scroll of fear
 r - 3 scrolls of teleportation
 v - 2 scrolls of poison
 z - a scroll of blinking
 A - a scroll of magic mapping
 B - a scroll of fog {unknown}
Potions
 g - 3 potions of brilliance
 h - a potion of haste
 j - a potion of ambrosia
 k - 3 potions of curing
 l - a potion of flight
 p - 2 potions of cancellation {unknown}
 s - 2 potions of heal wounds {unknown}
 x - a potion of berserk rage {unknown}


   Skills:
 + Level 7.3 Fighting
 + Level 6.2 Maces & Flails
 + Level 7.3 Armour
 + Level 7.3 Shields


You had 8 spell levels left.
You didn't know any spells.
Your spell library contained the following spells:

 Spells                   Type           Power      Damage    Failure   Level
 Beastly Appendage        Tmut           0%         N/A       58%         1
 Freeze                   Ice            0%         1d3       58%         1
 Necrotise                Necr           0%         1d4       58%         1
 Wereblood                Tmut           0%         N/A       75%         2
 Frozen Ramparts          Ice            0%         1d1       92%         3
 Hailstorm                Conj/Ice       0%         3d3       92%         3
 Ignite Poison            Fire/Tmut/Pois 0%         N/A       92%         3
 Spider Form              Tmut/Pois      0%         N/A       92%         3
 Vampiric Draining        Necr           0%         2d6       92%         3
 Sticky Flame             Conj/Fire      0%         2d3       100%        4
 Agony                    Necr           0%         N/A       100%        5
 Ignition                 Fire           0%         3d3       100%        8
 Chain Lightning          Conj/Air       0%         N/A       100%        9
 Fire Storm               Conj/Fire      0%         5d1       100%        9
 Shatter                  Erth           0%         3d5*      100%        9


Dungeon Overview and Level Annotations

Branches:
Dungeon (7/15)
 Temple: D:4-7

Altars:
Dithmenos
Hepliaklqana
Kikubaaqudgha
Okawaru
Ru
Zin

Shops:
D:6 !


Innate Abilities, Weirdness & Mutations

You are immune to sickness and miasma.
Your stone body is resilient. (AC +6)
You are immune to poison.
You resist negative energy. (rN+)
You are resistant to electric shocks. (rElec)
You are resistant to unholy torment.
You are immune to petrification.


Message History

Aim: a troll (lightly wounded, very poisoned, 63% to hit)
You throw a poisoned dart. The poisoned dart hits the troll.
The troll looks even sicker.
The troll is lightly wounded.
You block the troll's attack. x2; The troll claws you but does no damage.
You hit the troll.
The troll is lightly wounded.
The troll bites you but does no damage. You block the troll's attack. x2
You thump the troll!
The troll is heavily wounded.
The troll bites you but does no damage. You block the troll's attack.
The troll claws you. You block the troll's attack.
The troll barely misses you. x2
You barely miss the troll.
The troll is moderately wounded.
The troll bites you!
* * * LOW HITPOINT WARNING * * *
The troll claws you but does no damage. The troll claws you.
* * * LOW HITPOINT WARNING * * *
You closely miss the troll.
The troll is moderately wounded.
The troll barely misses you. You block the troll's attack. x2
You sock the troll!
The troll is heavily wounded.
You block the troll's attack. The troll claws you but does no damage.
The troll barely misses you.
You closely miss the troll.
The troll is heavily wounded.
The troll bites you.
* * * LOW HITPOINT WARNING * * *
The troll closely misses you. The troll barely misses you.
You closely miss the troll.
The troll is heavily wounded.
The troll bites you.
* * * LOW HITPOINT WARNING * * *
The troll misses you. The troll closely misses you.
You barely miss the troll.
The troll is heavily wounded.
You block the troll's attack. The troll closely misses you.
You block the troll's attack. The troll bites you.
You die...

#...........#......#
#............#.#.#.##
+...............<...#
##########...#.#.#.##
##########......)...#
#............#.#.#.###
##########...........#
## #.....#.#.#.#.# ..
#@###.......#.#
#####.#T# #.#.......#
........# #.#.....###
#####.#.....#.....#
#.#.#########.# . .>#
#.....#.# ##.#.#
#.###.#.# #.#(# #.#
#.#.# #.#.###'###.#.#


You could see a troll (poisoned).

Vanquished Creatures
  Prince Ribbit (D:6)
  Sigmund (D:2)
  Edmund (D:6)
  Duvessa (D:4)
  An ice beast (D:5)
  An ogre (D:5)
  A centaur (D:5)
  3 phantoms
  Blork the orc (D:4)
  A bullfrog (D:5)
  3 scorpions
  Dowan (D:4)
  2 killer bees
  A howler monkey (D:6)
  A jelly (D:6)
  A gnoll bouda (D:5)
  3 orc priests
  3 hounds (D:5)
  A sleepcap (D:4)
  2 iguanas
  An orc wizard (D:3)
  5 gnolls
  6 adders
  A white imp (D:6)
  An ufetubus (D:4)
  2 worms
  5 dart slugs
  17 orcs
  6 ball pythons
  A bat zombie (D:3)
  3 endoplasms
  2 giant cockroaches
  6 goblins
  6 hobgoblins
  11 jackals
  5 kobolds
  4 quokkas
  3 bats
  2 frilled lizards
  8 rats
  4 rat zombies (D:3)
129 creatures vanquished.

Notes
Turn   | Place    | Note
-------+----------+-------------------------------------------
     0 | D:1      | Dittersdorf the Gargoyle Fighter began the quest for the
                  | Orb.
     0 | D:1      | Reached XP level 1. HP: 14/14 MP: 1/1
   127 | D:1      | Reached XP level 2. HP: 19/19 MP: 2/2
   833 | D:2      | Reached XP level 3. HP: 23/23 MP: 3/3
  1003 | D:2      | Noticed Sigmund
  1045 | D:2      | Reached XP level 4. HP: 25/29 MP: 4/4
  1161 | D:2      | Found a faded altar of an unknown god.
  1782 | D:2      | HP: 1/29 [Sigmund/+0 scythe (4)]
  1785 | D:2      | Killed Sigmund
  1786 | D:2      | Reached XP level 5. HP: 3/34 MP: 5/5
  1786 | D:2      | Reached XP level 6. HP: 3/39 MP: 6/6
  2054 | D:3      | Identified the +1 leather armour of Ziabla Atoll {Str+5
                  | Int+3}
  2513 | D:3      | Found an ancient bone altar of Kikubaaqudgha.
  3174 | D:4      | Reached skill level 5 in Fighting
  3174 | D:4      | Reached skill level 5 in Armour
  3174 | D:4      | Reached skill level 5 in Shields
  3175 | D:4      | Reached XP level 7. HP: 41/44 MP: 7/7
  3195 | D:4      | Identified the ring of New Discoveries {Wiz rPois rF- rN++}
  3269 | D:4      | Noticed Blork the orc
  3283 | D:4      | Killed Blork the orc
  3450 | D:4      | Found a glowing silver altar of Zin.
  3503 | D:4      | Noticed Duvessa
  3504 | D:4      | Noticed Dowan
  3522 | D:4      | Killed Duvessa
  3532 | D:4      | HP: 2/44 [Dowan/stone arrow (14)]
  3545 | D:4      | Killed Dowan
  3730 | D:4      | Found a shadowy altar of Dithmenos.
  4025 | D:5      | Entered Level 5 of the Dungeon
  4168 | D:5      | Reached XP level 8. HP: 30/51 MP: 8/8
  4268 | D:5      | Reached skill level 5 in Maces & Flails
  4780 | D:6      | Noticed Prince Ribbit
  4793 | D:6      | Killed Prince Ribbit
  4974 | D:6      | Reached XP level 9. HP: 56/56 MP: 9/9
  5114 | D:6      | Found a sacrificial altar of Ru.
  5119 | D:6      | Noticed Edmund
  5134 | D:6      | Killed Edmund
  5415 | D:6      | Found Yleanu's Distillery.
  5659 | D:6      | Found a hazy altar of Hepliaklqana.
  5668 | D:6      | Found an iron altar of Okawaru.
  5671 | D:6      | Became a worshipper of Warmaster Okawaru
  5960 | D:7      | Noticed a troll
  5989 | D:7      | HP: 2/57 [troll (3)]
  5990 | D:7      | Slain by a troll

Illustrated notes

Levels and vault maps discovered:
D:1:      saegor_arrival_simple_d, layout_basic, serial_glass, glass_columns_b,
          glass_columns_a, grunt_decor_fettered, minmay_misc_feat_five
D:2:      layout_basic, hellmonk_ecumenical_altar_arch_garden, st_stairs_10,
          minmay_cut_off, uniq_sigmund
D:3:      layout_basic, lemuel_zombie_altar_kikubaaqudgha, eino_tiny_chamber
D:4:      layout_loops_ring, mainiacjoe_overflow_alcove_4, kennysheep_mini,
          st_stairs_3, minmay_between, uniq_duvessa, uniq_blork_the_orc
D:5:      layout_rooms
D:6:      layout_loops_ring, nicolae_overflow_crystal_walls,
          mainiacjoe_overflow_swirl, serial_shops, shop, uniq_prince_ribbit1,
          uniq_edmund
D:7:      layout_basic, nicolae_wu_jian_immortal_techniques,
          kennysheep_little_box, minmay_temple_entry_nine_rooms, serial_shops,
          shop, st_stairs_8

Skill      XL: |  1  2  3  4  5  6  7  8  9 |
---------------+----------------------------+-----
Armour         | 4 5 6 7 |  7.3
Fighting       | 4 5 6 7 |  7.3
Maces & Flails | 3 4 5 6 |  6.2
Shields        | 4 5 6 7 |  7.3

Action                     |  1- 3 |  4- 6 |  7- 9 || total
---------------------------+-------+-------+-------++-------
  Melee: Flail             |   114 |   186 |   260 ||   560
  Throw: Dart              |       |       |     9 ||     9
  Evoke: Wand              |       |     2 |       ||     2
    Use: Scroll            |       |     6 |     9 ||    15
         Potion            |       |       |     1 ||     1
 Armour: Scale mail        |   101 |    66 |    32 ||   199
         Chain mail        |       |    25 |   138 ||   163
  Dodge: Dodged            |    95 |    64 |   109 ||   268
  Block: Buckler           |    39 |    34 |   106 ||   179

Table legend: (Time is in decaauts)
 A = Elapsed time spent in this place.
 B = Non-inter-level travel time spent in this place.
 C = Inter-level travel time spent in this place.
 D = Time resting spent in this place.
 E = Time spent auto-exploring this place.
 F = Levels seen in this place.
 G = Mean time per level.
                   A        B        C        D        E       F      G
               +--------+--------+--------+--------+--------+-----+--------+
         Total |   6129 |   5909 |    220 |    437 |   3995 |   7 |  875.6 |
       Dungeon |   6129 |   5909 |    220 |    437 |   3995 |   7 |  875.6 |
               +--------+--------+--------+--------+--------+-----+--------+

Top non-repeatable levels by time:
     D:4: 1191 daAuts
     D:1: 1064 daAuts
     D:2: 1038 daAuts
     D:6: 962 daAuts
     D:3: 929 daAuts
     D:5: 680 daAuts
     D:7: 263 daAuts
